 Dungeon Crawl Stone Soup version 0.22-a0-553-g9358b0b (webtiles) character file.

3075 royokou the Firebug (level 9, 0/80 HPs)
             Began as a Hill Orc Fire Elementalist on June 23, 2018.
             Was a Follower of Vehumet.
             Slain by a hog (2 damage)
             ... on level 7 of the Dungeon on June 25, 2018.
             The game lasted 02:02:18 (9940 turns).

royokou the Firebug (Hill Orc Fire Elementalist)    Turns: 9940, Time: 02:02:18

Health: 0/80       AC:  9    Str: 13    XL:     9   Next: 88%
Magic:  16/17      EV: 12    Int: 18    God:    Vehumet [*.....]
Gold:   448        SH:  0    Dex: 13    Spells: 6/19 levels left

rFire    . . .     SeeInvis .   t - +1 mace (protect)
rCold    . . .     Gourm    +   (no shield)
rNeg     . . .     Faith    .   P - +0 ring mail
rPois    .         Spirit   .   (no helmet)
rElec    .         Reflect  .   (no cloak)
rCorr    .         Harm     .   G - +0 pair of gloves
MR       .....                  (no boots)
Stlth    +.........             i - amulet of the gourmand
HPRegen  0.23/turn              y - ring of wizardry
MPRegen  0.15/turn              B - +2 ring of dexterity

@: hasted, very quick
A: iridescent scales 1, robust 1, strong 1
a: Renounce Religion


You were on level 7 of the Dungeon.
You worshipped Vehumet.
Vehumet was aware of your devotion.
You were not hungry.

You visited 2 branches of the dungeon, and saw 8 of its levels.

You collected 448 gold pieces.

Inventory:

Hand Weapons
 d - a +2 dagger of freezing
 j - a -1 short sword
 r - a +2 long sword of freezing
 t - a +1 mace of protection (weapon)
 u - a +0 great sword
 x - a +1 dagger of freezing
 C - a +0 hunting sling
 L - a +0 short sword
 N - a cursed -2 war axe
 O - a +0 short sword of protection
 Q - a +2 trident
 R - a +0 whip of flaming
Missiles
 l - 63 bolts
Armour
 a - a +0 robe
 e - a +0 robe
 g - a +0 leather armour
 h - a +0 robe
 k - a +0 leather armour
 q - a +0 ring mail
 v - a +0 robe
 F - a +0 robe
 G - a +0 pair of gloves (worn)
 J - a +0 robe
 K - a +0 chain mail
 M - a +0 ring mail
 P - a +0 ring mail (worn)
Jewellery
 i - an amulet of the gourmand (around neck)
 y - a ring of wizardry (left hand)
 B - a +2 ring of dexterity (right hand)
 D - a +2 ring of dexterity
 U - an uncursed ring of magical power {unknown}
Wands
 E - a wand of disintegration (25)
Scrolls
 f - 2 scrolls of teleportation
 m - a scroll of fog
 n - 2 scrolls of remove curse
 p - a scroll of amnesia
 s - 12 scrolls of identify
 z - 2 scrolls of fear
 H - a scroll of magic mapping {unknown}
Potions
 b - 2 potions of flight
 o - 3 potions of curing
 A - 2 potions of agility
 I - a potion of ambrosia {unknown}
 S - a potion of brilliance
Comestibles
 c - 12 rations


   Skills:
 + Level 4.8 Fighting
 + Level 1.0 Short Blades
 + Level 5.9 Maces & Flails
 + Level 3.8 Armour
 + Level 4.0 Dodging
 + Level 2.6 Stealth
 + Level 0.6 Unarmed Combat
 + Level 5.5 Spellcasting
 + Level 4.0 Conjurations
 + Level 6.2 Fire Magic


You had 6 spell levels left.
You knew the following spells:

 Your Spells              Type           Power        Failure   Level  Hunger
a - Flame Tongue          Conj/Fire      ###..        1%          1    None
b - Conjure Flame         Conj/Fire      ###.....     4%          3    ##.....
c - Sticky Flame          Conj/Fire      ###.....     12%         4    ####...
d - Fireball              Conj/Fire      ###.......   32%         5    #####..

Your spell library contained the following spells:

 Spells                   Type           Power        Failure   Level  Hunger
 Confuse                  Hex            #.......     30%         3    ##.....
 Throw Flame              Conj/Fire      ###...       1%          2    None
 Tukima's Dance           Hex            #.......     30%         3    ##.....
 Ensorcelled Hibernation  Hex/Ice        #.....       16%         2    None
 Corona                   Hex            #......      11%         1    None
 Inner Flame              Hex/Fire       ###.....     9%          3    ##.....
 Dazzling Spray           Conj/Hex       ##....       14%         3    ##.....


Dungeon Overview and Level Annotations

Branches:
Dungeon (7/15)             Temple (1/1) D:5

Altars:
Ashenzari
Cheibriados
Dithmenos
Elyvilon
Fedhas
Gozag
Hepliaklqana
Kikubaaqudgha
Makhleb
Okawaru
Qazlal
Ru
Sif Muna
Trog
Uskayaw
Vehumet
Wu Jian
Xom
Yredelemnul
Zin

Shops:
D:4 [   D:5 [


Innate Abilities, Weirdness & Mutations

You are partially covered in iridescent scales. (AC +2)
You are robust. (+10% HP)
Your muscles are strong. (Str +2)


Message History

The hog bites you but does no damage.
Press: ? - help, v - describe, . - travel The floor, spattered with blood.
Unknown command.
As you read the scroll of teleportation, it crumbles to dust.
You feel strangely unstable. The hog bites you.
* * * LOW HITPOINT WARNING * * *
The hog bites you.
* * * LOW HITPOINT WARNING * * *
The hog bites you but does no damage. The hog barely misses you.
As you read the scroll of teleportation, it crumbles to dust.
You feel strangely stable. The hog closely misses you.
The hog bites you but does no damage. The hog barely misses you.
The hog misses you. The hog bites you but does no damage. The hog bites you!
* * * LOW HITPOINT WARNING * * *
You feel yourself speed up. The hog closely misses you. The hog bites you.
* * * LOW HITPOINT WARNING * * *
The hog bites you.
You die...

#..........# #..
#..........############.#
#......................>#
#........[.#############.
#..........# #.
##.......)## #.
#........####### #.
#........#%%#..# ..
#......h@#%.#..# ..
#......hh#..'..# ###
#.......h#..#..#
##.......#..#..#
##......#)## ######....#
#...## #####


You could see 4 hogs.

Vanquished Creatures
  Pikel (D:5)
  A hippogriff (D:7)
  A human (D:7)
  A water moccasin (D:7)
  3 slaves
  A phantom (D:7)
  2 sky beasts (D:6)
  4 ogres
  A bullfrog (D:7)
  2 scorpions
  5 wights
  4 killer bees (D:7)
  3 crimson imps
  8 hounds
  2 orc priests
  2 centaur skeletons
  A gnoll shaman (D:4)
  An iguana (D:7)
  3 orc wizards
  6 worker ants
  A killer bee zombie (D:7)
  2 hound zombies
  3 gnolls (D:4)
  A howler monkey skeleton (D:4)
  8 adders
  A shadow imp (D:7)
  2 oozes
  5 worms
  2 leopard geckos
  17 orcs
  A ball python (D:1)
  7 giant cockroaches
  10 hobgoblins
  4 jackals (D:4)
  4 quokkas
  11 bats
  3 frilled lizards
  6 goblins
  4 kobolds
  2 quokka skeletons
  5 rats
151 creatures vanquished.

Notes
Turn   | Place    | Note
-------+----------+-------------------------------------------
     0 | D:1      | royokou the Hill Orc Fire Elementalist began the quest for the Orb.
     0 | D:1      | Reached XP level 1. HP: 14/14 MP: 3/3
   389 | D:1      | Reached XP level 2. HP: 20/20 MP: 2/4
   923 | D:1      | Reached XP level 3. HP: 26/26 MP: 2/5
  1689 | D:2      | Reached XP level 4. HP: 20/34 MP: 5/7
  1853 | D:2      | Learned a level 3 spell: Conjure Flame
  1935 | D:2      | Reached skill level 1 in Short Blades
  2207 | D:2      | Noticed a hand axe
  2208 | D:2      | Noticed a dagger
  2209 | D:2      | Found a hide-covered altar of Uskayaw.
  2259 | D:2      | Gained mutation: You are robust. (+10% HP) [potion of mutation]
  2259 | D:2      | Gained mutation: You are partially covered in iridescent scales. (AC +2) [potion of mutation]
  2259 | D:2      | Gained mutation: Your muscles are strong. (Str +2) [potion of mutation]
  2410 | D:3      | Reached skill level 1 in Fighting
  2473 | D:3      | Reached skill level 4 in Fire Magic
  2530 | D:3      | Reached XP level 5. HP: 44/44 MP: 8/8
  2536 | D:3      | Learned a level 4 spell: Sticky Flame
  2851 | D:3      | Reached skill level 1 in Maces & Flails
  3621 | D:4      | Reached XP level 6. HP: 30/52 MP: 7/9
  3632 | D:4      | Found Ische's Armour Emporium.
  4499 | D:4      | Reached XP level 7. HP: 49/61 MP: 7/10
  4617 | D:4      | Found a glowing silver altar of Zin.
  4972 | D:5      | Entered Level 5 of the Dungeon
  5046 | D:5      | Learned a level 5 spell: Fireball
  5369 | D:5      | Found Echome Temip's Armour Emporium.
  5385 | D:5      | Upgraded the game from 0.22-a0-533-g4d20840 to 0.22-a0-553-g9358b0b
  5391 | D:5      | Found an ornate altar of the Wu Jian Council.
  5391 | D:5      | Found a shattered altar of Ashenzari.
  5826 | D:5      | Found a sacrificial altar of Ru.
  5939 | D:5      | Found a staircase to the Ecumenical Temple.
  5945 | Temple   | Entered the Ecumenical Temple
  6113 | D:6      | Reached XP level 8. HP: 60/68 MP: 9/14
  6270 | D:6      | Found a burning altar of Makhleb.
  6270 | D:6      | Found a radiant altar of Vehumet.
  6423 | D:6      | Became a worshipper of Vehumet
  6741 | D:5      | Reached skill level 1 in Armour
  7233 | D:6      | Reached skill level 5 in Fire Magic
  7235 | D:6      | Noticed Pikel
  8110 | D:5      | Killed Pikel
  8110 | D:5      | Reached skill level 5 in Maces & Flails
  8110 | D:5      | Reached skill level 5 in Spellcasting
  8110 | D:5      | Reached XP level 9. HP: 34/78 MP: 1/16
  8372 | D:6      | Found a deep blue altar of Sif Muna.
  8710 | D:6      | Reached * piety under Vehumet
  8710 | D:6      | Offered knowledge of Shock by Vehumet.
  8740 | D:7      | Reached skill level 6 in Fire Magic
  9300 | D:7      | HP: 3/79 [poisoned by a killer bee]
  9307 | D:7      | HP: 3/79 [poisoned by a killer bee]
  9315 | D:7      | HP: 3/79 [poisoned by a killer bee]
  9939 | D:7      | HP: 4/80 [hog (10)]
  9940 | D:7      | Slain by a hog

Vault maps used:
D:1:      evilmike_arrival_hilbert_curve
D:2:      dancing_weapons_uskayaw, st_stairs_1, minmay_pentomino_x2,
          uniq_crazy_yiuf_cottage
D:3:      kennysheep_doodads
D:4:      marbit_many_paths, first_ration, serial_shops, nicolae_shop_trees
D:5:      kennysheep_little_box, gammafunk_temple_overflow_elements,
          minmay_temple_entry_fiery, serial_shops, shop
D:6:      led_sif_book, grunt_temple_overflow_lords_of_destruction, uniq_pikel
D:7:      grunt_livestock
Temple:   nicolae_temple_hex_pool

Skill      XL: |  1  2  3  4  5  6  7  8  9 |
---------------+----------------------------+-----
Spellcasting   | 2 4 5 |  5.5
Stealth        | 2 |  2.6
Short Blades   | 1 |  1.0
Dodging        | 2 3 4 |  4.0
Fighting       | 1 2 4 |  4.8
Fire Magic     | 4 5 6 |  6.2
Maces & Flails | 2 3 5 |  5.9
Conjurations   | 2 3 4 |  4.0
Armour         | 2 3 |  3.8
Unarmed Combat | |  0.6

Action                   |  1- 3 |  4- 6 |  7- 9 || total
-------------------------+-------+-------+-------++-------
Melee: Unarmed           |    25 |       |       ||    25
       Dagger            |    65 |     1 |       ||    66
       Short sword       |     9 |       |       ||     9
       Mace              |       |   119 |   350 ||   469
       Punch             |       |       |     1 ||     1
 Cast: Flame Tongue      |    17 |    56 |   200 ||   273
       Sticky Flame      |       |     3 |       ||     3
       Conjure Flame     |       |     2 |     8 ||    10
  Use: Scroll            |     2 |     5 |     4 ||    11
       Potion            |       |     8 |     9 ||    17
  Eat: Chunk             |     3 |    15 |    11 ||    29
       Ration            |       |     1 |     1 ||     2
Armor: Robe              |    22 |    66 |    11 ||    99
       Ring mail         |       |       |   215 ||   215
Dodge: Dodged            |    82 |    84 |   270 ||   436

Table legend:
 A = Spawn XP
 B = Non-spawn XP
 C = Spawn XP percentage of total XP
 D = Spawn monster count
 E = Non-spawn monster count
 F = Spawn count percentage of total count
 G = Total turns spent on level
                    A         B        C        D         E        F      G
               +---------+---------+-------+---------+---------+-------+---------
         Total |       0 |    4393 |   0.0 |       0 |     148 |   0.0 |  9940
               +---------+---------+-------+---------+---------+-------+---------
           D:1 |       0 |      53 |   0.0 |       0 |      29 |   0.0 |  1538
           D:2 |       0 |      80 |   0.0 |       0 |      14 |   0.0 |   729
           D:3 |       0 |     110 |   0.0 |       0 |      20 |   0.0 |  1323
           D:4 |       0 |     575 |   0.0 |       0 |      25 |   0.0 |  1382
           D:5 |       0 |    1365 |   0.0 |       0 |      16 |   0.0 |  1877
           D:6 |       0 |     941 |   0.0 |       0 |      27 |   0.0 |  2043
           D:7 |       0 |    1269 |   0.0 |       0 |      17 |   0.0 |   920
               +---------+---------+-------+---------+---------+-------+---------
